[ AOE2 MATCH · #505854137 ]
UnrankedIncas vs Huns
Player's team · LOSS
Rival team · WIN
[ REPLAY ANALYSIS · EXTRACTED FROM THE RECORDED GAME ]
Feudal
9:15
Castle
21:49
Imperial
34:36
| APM avg | 85.3 |
| APM peak | 119 |
| eAPM avg | 42.1 |
| Villagers / military | 137 / 94 |
Focus
⚔️ 34.9% · 🌾 65.1%
Archer ×50 · Skirmisher ×24 · Mangonel ×6 · Spearman ×5 · Trebuchet (Packed) ×4 · Kamayuk ×3
Feudal
9:18
Castle
20:05
Imperial
35:49
| APM avg | 74.6 |
| APM peak | 126 |
| eAPM avg | 40.4 |
| Villagers / military | 165 / 125 |
Focus
⚔️ 51.2% · 🌾 48.8%
Scout Cavalry ×68 · Cavalry Archer ×34 · Monk ×5 · Mangonel ×5 · Knight ×4 · Trebuchet (Packed) ×4
Match map
Initial resources + every placement click. Lines = walls · curves = elevation contours. ◆ gold · ⬟ stone · ● berries · ✦ relic · ◌ wall gap
Your base· ✓ Closed at 21:49 · 50t walls · 3 gate(s)
TAG_Sitaux's base· ✓ Closed at 20:05 · 46t walls · 1 gate(s)
Smoothed initial terrain · ◌ = detected wall gap · hover for details
Inputs per minute
— Lamo - - TAG_Sitaux
Build order — Lamo
First 150 of 377 actions detected
| 0:00 | Create | Villager (Male) |
| 0:00 | Create | Villager (Male) |
| 0:00 | Create | Villager (Male) |
| 0:01 | Build | House |
| 0:03 | Build | House |
| 0:34 | Create | Villager (Male) |
| 1:23 | Create | Villager (Male) |
| 1:56 | Build | Settlement |
| 2:00 | Create | Villager (Male) |
| 2:21 | Create | Villager (Male) |
| 2:44 | Create | Villager (Male) |
| 3:05 | Create | Villager (Male) |
| 3:34 | Create | Villager (Male) |
| 3:55 | Create | Villager (Male) |
| 4:22 | Create | Villager (Male) |
| 4:49 | Create | Villager (Male) |
| 5:09 | Build | Settlement |
| 5:17 | Create | Villager (Male) |
| 5:34 | Create | Villager (Male) |
| 5:57 | Create | Villager (Male) |
| 6:32 | Build | Palisade Wall |
| 6:38 | Create | Villager (Male) |
| 7:01 | Research | Feudal Age |
| 8:11 | Create | Villager (Male) |
| 8:41 | Build | Barracks |
| 8:50 | Research | Loom |
| 9:15 | Age | Feudal Age |
| 9:36 | Build | Archery Range |
| 9:38 | Create | Spearman |
| 9:43 | Create | Villager (Male) |
| 10:12 | Research | Double-Bit Axe |
| 10:21 | Build | Settlement |
| 10:25 | Create | Archer |
| 10:31 | Create | Villager (Male) |
| 10:33 | Create | Skirmisher |
| 10:33 | Create | Skirmisher |
| 10:43 | Create | Villager (Male) |
| 11:01 | Create | Spearman |
| 11:02 | Create | Skirmisher |
| 11:03 | Create | Villager (Male) |
| 11:08 | Build | House |
| 11:09 | Build | Palisade Wall |
| 11:19 | Create | Skirmisher |
| 11:20 | Create | Spearman |
| 11:33 | Create | Villager (Male) |
| 11:40 | Research | Horse Collar |
| 11:40 | Research | Horse Collar |
| 11:43 | Build | Palisade Wall |
| 11:44 | Create | Spearman |
| 11:57 | Create | Spearman |
| 12:00 | Create | Villager (Male) |
| 12:09 | Build | Farm |
| 12:10 | Build | Farm |
| 12:20 | Build | Farm |
| 12:42 | Create | Villager (Male) |
| 12:46 | Build | Farm |
| 12:47 | Build | Farm |
| 12:48 | Build | Farm |
| 12:56 | Build | Palisade Wall |
| 13:16 | Build | Palisade Wall |
| 13:17 | Build | Palisade Wall |
| 13:22 | Create | Villager (Male) |
| 13:24 | Build | Farm |
| 13:25 | Build | Farm |
| 13:40 | Build | House |
| 13:41 | Build | Palisade Wall |
| 13:41 | Create | Villager (Male) |
| 13:57 | Build | Palisade Wall |
| 13:58 | Create | Villager (Male) |
| 14:02 | Build | Palisade Wall |
| 14:12 | Build | Palisade Wall |
| 14:27 | Build | Farm |
| 14:28 | Create | Villager (Male) |
| 14:30 | Build | Farm |
| 14:53 | Build | House |
| 14:55 | Build | Palisade Wall |
| 14:56 | Create | Archer |
| 14:59 | Create | Villager (Male) |
| 15:06 | Build | Palisade Gate |
| 15:09 | Build | Palisade Wall |
| 15:15 | Create | Villager (Male) |
| 15:21 | Create | Archer |
| 15:51 | Create | Villager (Male) |
| 16:10 | Create | Villager (Male) |
| 16:40 | Create | Villager (Male) |
| 16:54 | Build | Farm |
| 17:03 | Create | Villager (Male) |
| 17:06 | Create | Archer |
| 17:25 | Build | Farm |
| 17:26 | Create | Villager (Male) |
| 17:28 | Build | Farm |
| 17:33 | Create | Villager (Male) |
| 17:35 | Build | Archery Range |
| 17:49 | Build | Palisade Gate |
| 17:57 | Build | Palisade Gate |
| 18:05 | Build | Palisade Gate |
| 18:21 | Create | Villager (Male) |
| 18:22 | Build | Market |
| 19:09 | Research | Castle Age |
| 19:24 | Create | Archer |
| 19:27 | Create | Archer |
| 19:29 | Build | Blacksmith |
| 19:56 | Build | Farm |
| 19:56 | Create | Archer |
| 19:57 | Create | Archer |
| 20:00 | Research | Gold Mining |
| 20:00 | Research | Gold Mining |
| 20:16 | Create | Archer |
| 20:16 | Create | Archer |
| 20:59 | Research | Fletching |
| 20:59 | Research | Fletching |
| 21:00 | Create | Archer |
| 21:00 | Create | Archer |
| 21:14 | Create | Archer |
| 21:28 | Create | Archer |
| 21:36 | Create | Villager (Male) |
| 21:49 | Age | Castle Age |
| 21:52 | Research | Crossbowman (upgrade) |
| 21:55 | Research | Bodkin Arrow |
| 22:04 | Research | Bow Saw |
| 22:05 | Create | Villager (Male) |
| 22:06 | Create | Villager (Male) |
| 22:08 | Build | Town Center |
| 22:17 | Create | Villager (Male) |
| 22:19 | Build | Monastery |
| 22:43 | Create | Archer |
| 22:44 | Create | Villager (Male) |
| 22:45 | Build | House |
| 22:52 | Build | Town Center |
| 22:54 | Create | Archer |
| 22:54 | Create | Archer |
| 23:02 | Create | Monk |
| 23:11 | Research | Wheelbarrow |
| 23:11 | Research | Wheelbarrow |
| 23:25 | Create | Villager (Male) |
| 23:33 | Create | Archer |
| 23:33 | Create | Archer |
| 23:43 | Create | Archer |
| 23:50 | Create | Villager (Male) |
| 23:52 | Create | Archer |
| 23:59 | Create | Monk |
| 24:00 | Create | Archer |
| 24:04 | Create | Villager (Male) |
| 24:04 | Create | Villager (Male) |
| 24:06 | Build | Farm |
| 24:08 | Build | Farm |
| 24:15 | Create | Archer |
| 24:17 | Create | Villager (Male) |
| 24:29 | Create | Villager (Male) |
| 24:41 | Create | Villager (Male) |
Build order — TAG_Sitaux
First 150 of 527 actions detected
| 0:01 | Create | Villager (Male) |
| 0:01 | Create | Villager (Male) |
| 0:01 | Create | Villager (Male) |
| 0:11 | Create | Villager (Male) |
| 1:13 | Create | Villager (Male) |
| 1:13 | Create | Villager (Male) |
| 1:37 | Create | Villager (Male) |
| 1:55 | Build | Mill |
| 2:03 | Create | Villager (Male) |
| 2:35 | Create | Villager (Male) |
| 2:35 | Create | Villager (Male) |
| 3:03 | Create | Villager (Male) |
| 3:03 | Create | Villager (Male) |
| 3:11 | Create | Villager (Male) |
| 3:34 | Create | Villager (Male) |
| 3:34 | Create | Villager (Male) |
| 4:00 | Create | Villager (Male) |
| 4:00 | Create | Villager (Male) |
| 4:18 | Create | Villager (Male) |
| 4:31 | Create | Villager (Male) |
| 4:58 | Create | Villager (Male) |
| 5:04 | Build | Lumber Camp |
| 5:46 | Create | Villager (Male) |
| 5:47 | Research | Loom |
| 6:12 | Create | Villager (Male) |
| 6:43 | Create | Villager (Male) |
| 7:08 | Research | Feudal Age |
| 7:08 | Research | Feudal Age |
| 7:22 | Build | Palisade Wall |
| 7:28 | Build | Palisade Wall |
| 7:30 | Build | Palisade Wall |
| 7:31 | Build | Palisade Wall |
| 7:47 | Build | Palisade Wall |
| 7:56 | Create | Villager (Male) |
| 8:19 | Build | Barracks |
| 9:02 | Build | Palisade Wall |
| 9:18 | Age | Feudal Age |
| 9:19 | Build | Stable |
| 9:35 | Create | Villager (Male) |
| 9:38 | Research | Double-Bit Axe |
| 9:38 | Research | Double-Bit Axe |
| 9:46 | Research | Loom |
| 9:51 | Build | Palisade Wall |
| 10:00 | Create | Scout Cavalry |
| 10:02 | Create | Villager (Male) |
| 10:09 | Build | Farm |
| 10:23 | Create | Villager (Male) |
| 10:26 | Build | Palisade Wall |
| 10:31 | Build | Farm |
| 10:35 | Build | Mill |
| 10:38 | Create | Scout Cavalry |
| 10:41 | Create | Villager (Male) |
| 10:54 | Create | Villager (Male) |
| 11:02 | Build | Farm |
| 11:10 | Create | Scout Cavalry |
| 11:23 | Build | Mining Camp |
| 11:34 | Create | Scout Cavalry |
| 11:40 | Create | Villager (Male) |
| 11:55 | Create | Scout Cavalry |
| 12:01 | Build | Farm |
| 12:03 | Build | Farm |
| 12:10 | Create | Villager (Male) |
| 12:33 | Build | Farm |
| 12:35 | Create | Villager (Male) |
| 12:46 | Build | Farm |
| 12:56 | Create | Villager (Male) |
| 12:57 | Build | Farm |
| 12:58 | Create | Scout Cavalry |
| 13:07 | Build | Farm |
| 13:20 | Create | Scout Cavalry |
| 13:24 | Create | Villager (Male) |
| 13:27 | Build | Farm |
| 13:40 | Build | Farm |
| 13:46 | Create | Villager (Male) |
| 13:51 | Build | Farm |
| 13:58 | Research | Bloodlines |
| 13:58 | Research | Bloodlines |
| 14:11 | Build | Palisade Wall |
| 14:15 | Build | Farm |
| 14:21 | Create | Villager (Male) |
| 14:41 | Create | Villager (Male) |
| 14:54 | Research | Horse Collar |
| 14:59 | Build | Farm |
| 15:12 | Create | Villager (Male) |
| 15:37 | Create | Villager (Male) |
| 16:03 | Create | Villager (Male) |
| 16:32 | Create | Villager (Male) |
| 16:39 | Build | Blacksmith |
| 16:45 | Build | Lumber Camp |
| 16:58 | Create | Villager (Male) |
| 17:00 | Build | Farm |
| 17:03 | Build | Farm |
| 17:25 | Research | Castle Age |
| 17:54 | Research | Gold Mining |
| 17:54 | Research | Gold Mining |
| 18:23 | Build | Farm |
| 18:24 | Build | Farm |
| 18:27 | Research | Scale Barding Armor |
| 19:12 | Create | Villager (Male) |
| 19:20 | Build | Palisade Gate |
| 19:21 | Build | Palisade Wall |
| 20:05 | Age | Castle Age |
| 20:06 | Build | Town Center |
| 20:07 | Create | Knight |
| 20:10 | Build | Monastery |
| 20:17 | Create | Villager (Male) |
| 20:20 | Build | Town Center |
| 20:23 | Research | Bow Saw |
| 20:32 | Create | Knight |
| 20:45 | Create | Villager (Male) |
| 20:58 | Create | Monk |
| 20:59 | Create | Villager (Male) |
| 21:00 | Build | Farm |
| 21:01 | Research | Heavy Plow |
| 21:01 | Research | Heavy Plow |
| 21:10 | Research | Wheelbarrow |
| 21:14 | Create | Knight |
| 21:20 | Build | Palisade Gate |
| 21:21 | Create | Monk |
| 21:28 | Create | Villager (Male) |
| 21:29 | Build | Farm |
| 21:31 | Create | Villager (Male) |
| 21:38 | Create | Villager (Male) |
| 21:41 | Build | Lumber Camp |
| 21:50 | Create | Villager (Male) |
| 22:02 | Create | Villager (Male) |
| 22:07 | Create | Villager (Male) |
| 22:08 | Create | Villager (Male) |
| 22:19 | Create | Villager (Male) |
| 22:20 | Build | Siege Workshop |
| 22:23 | Research | Loom |
| 22:25 | Research | Town Watch |
| 22:39 | Create | Villager (Male) |
| 22:39 | Create | Villager (Male) |
| 22:43 | Build | Mining Camp |
| 22:49 | Build | Farm |
| 22:50 | Build | Farm |
| 22:52 | Create | Villager (Male) |
| 22:55 | Build | Farm |
| 22:59 | Create | Mangonel |
| 23:07 | Create | Villager (Male) |
| 23:07 | Create | Villager (Male) |
| 23:20 | Create | Villager (Male) |
| 23:26 | Build | Palisade Wall |
| 23:29 | Create | Villager (Male) |
| 23:33 | Create | Villager (Male) |
| 23:38 | Create | Villager (Male) |
| 23:40 | Create | Villager (Male) |
| 23:42 | Build | Mining Camp |
| 23:47 | Build | Farm |
Match timeline
| 6:32 | Lamo · wall_segment Palisade Wall x1 |
| 7:22 | TAG_Sitaux · wall_segment Palisade Wall x10 |
| 7:28 | TAG_Sitaux · wall_segment Palisade Wall x4 |
| 7:30 | TAG_Sitaux · wall_segment Palisade Wall x6 |
| 7:31 | TAG_Sitaux · wall_segment Palisade Wall x3 |
| 7:47 | TAG_Sitaux · wall_segment Palisade Wall x10 |
| 8:19 | TAG_Sitaux · first_building Barracks |
| 8:41 | Lamo · first_building Barracks |
| 9:02 | TAG_Sitaux · wall_segment Palisade Wall x1 |
| 9:15 | Lamo · age_up feudal |
| 9:18 | TAG_Sitaux · age_up feudal |
| 9:19 | TAG_Sitaux · first_building Stable |
| 9:36 | Lamo · first_building Archery Range |
| 9:51 | TAG_Sitaux · wall_segment Palisade Wall x1 |
| 10:26 | TAG_Sitaux · wall_segment Palisade Wall x8 |
| 11:09 | Lamo · wall_segment Palisade Wall x8 |
| 11:43 | Lamo · wall_segment Palisade Wall x11 |
| 12:56 | Lamo · wall_segment Palisade Wall x3 |
| 13:16 | Lamo · wall_segment Palisade Wall x4 |
| 13:17 | Lamo · wall_segment Palisade Wall x1 |
| 13:41 | Lamo · wall_segment Palisade Wall x6 |
| 13:57 | Lamo · wall_segment Palisade Wall x2 |
| 14:02 | Lamo · wall_segment Palisade Wall x5 |
| 14:11 | TAG_Sitaux · wall_segment Palisade Wall x1 |
| 14:12 | Lamo · wall_segment Palisade Wall x2 |
| 14:55 | Lamo · wall_segment Palisade Wall x6 |
| 15:09 | Lamo · wall_segment Palisade Wall x1 |
| 19:21 | TAG_Sitaux · wall_segment Palisade Wall x3 |
| 20:05 | TAG_Sitaux · age_up castle |
| 20:10 | TAG_Sitaux · first_building Monastery |
| 21:49 | Lamo · age_up castle |
| 22:19 | Lamo · first_building Monastery |
| 22:20 | TAG_Sitaux · first_building Siege Workshop |
| 23:26 | TAG_Sitaux · wall_segment Palisade Wall x1 |
| 25:05 | Lamo · first_building Siege Workshop |
| 26:38 | TAG_Sitaux · first_building Archery Range |
| 30:49 | Lamo · first_building Castle |
| 32:23 | TAG_Sitaux · first_building Castle |
| 34:36 | Lamo · age_up imperial |
| 34:45 | Lamo · first_market_buy 100 food |
| 35:04 | TAG_Sitaux · first_market_buy 100 stone |
| 35:49 | TAG_Sitaux · age_up imperial |
| 36:02 | TAG_Sitaux · first_market_sell 100 food |
| 38:01 | Lamo · first_market_sell 100 food |
| 40:16 | Lamo · resign |
[ AI ANALYSIS · 1 CREDIT ]
What really happened in this match?
Wolo.gg analyzes every decision: build order, eco, micro, common mistakes by bracket. Personalized analysis on WhatsApp or Discord in 30 seconds.
Civ guide
Incas
Perfil
Jugador #5188554